 Dungeon Crawl Stone Soup version 0.32-a0-996-gb3226c2 (webtiles) character file.

Game seed: 4811848887953760337

3364 Ubbricas the Zephyrmancer (level 10, -1/94 HPs)
             Began as an Octopode Air Elementalist on Apr 23, 2024.
             Was a Follower of Vehumet.
             Slain by a howler monkey (4 damage)
             ... on level 9 of the Dungeon.
             The game lasted 00:13:50 (9188 turns).

Ubbricas the Zephyrmancer (OpAE)                    Turns: 9188, Time: 00:13:53

Health: -1/94      AC:  1    Str: 10    XL:     10   Next: 3%
Magic:  19/19      EV: 14    Int: 28    God:    Vehumet [*.....]
Gold:   368        SH:  0    Dex: 18    Spells: 12/22 levels left

rFire   + . .        p - +6 rapier of Edillas {drain, *Rage Str+3 Int+5}
rCold   . . .        (no shield)
rNeg    + . .        (helmet restricted)
rPois   .            (no amulet)
rElec   .            b - ring of protection from fire
rCorr   +            i - ring of resist corrosion
SInv    .            y - ring of wizardry
Will    .....        B - +6 ring of dexterity Stlth
                     z - ring of positive energy
HPRegen 0.35/turn    (no ring)
MPRegen 0.16/turn    (no ring)
                     (no ring)

%: random rage (20%), wizardry (x1)
@: berserking, lethally poisoned (-1 -> -16), studying Alchemy, very quick
A: almost no armour, amphibious, 8 rings, camouflage 1, gelatinous body 1,
(nimble swimmer 1), tentacles
a: Renounce Religion


You were on level 9 of the Dungeon.
You worshipped Vehumet.
Vehumet was aware of your devotion.
You visited 1 branch of the dungeon, and saw 9 of its levels.
You also visited: Ossuary.

You collected 443 gold pieces.
You spent 75 gold pieces at shops.

Inventory:

Hand Weapons
 d - a +0 dagger
 g - a +1 whip of electrocution
 p - the +6 rapier of Edillas (weapon) {drain, *Rage Str+3 Int+5}
   (You found it on level 5 of the Dungeon)

   Str+3:     It affects your strength (+3).
   Int+5:     It affects your intelligence (+5).
   *Rage:     It berserks you when you make melee attacks (+20% chance).
Missiles
 h - 8 poisoned darts
 m - 3 boomerangs
 v - 6 datura-tipped darts
Armour
 f - the -2 hat of the Alchemist {rElec rPois rF+ rC+ rN+ Will+ rMut rCorr}
   (You acquired it on level 6 of the Dungeon)

   rF+:       It protects you from fire.
   rC+:       It protects you from cold.
   rElec:     It insulates you from electricity.
   rPois:     It protects you from poison.
   rN+:       It protects you from negative energy.
   Will+:     It increases your willpower.
   rCorr:     It protects you from acid and corrosion.
   rMut:      It protects you from mutation.
Jewellery
 b - a ring of protection from fire (left tentacle)
 i - a ring of resist corrosion (right tentacle)
 y - a ring of wizardry (on tentacle)
 z - a ring of positive energy (on tentacle)
 B - a +6 ring of dexterity (on tentacle)
Wands
 o - a wand of charming (9)
 q - a wand of mindburst (17)
 s - a wand of warping (2)
 x - a wand of digging (5)
 C - a wand of acid (10)
Scrolls
 k - a scroll of amnesia
 l - 3 scrolls of teleportation
 r - a scroll of torment
 w - 3 scrolls of noise
 D - a scroll of fog
 G - a scroll of vulnerability
 H - a scroll of brand weapon {unknown}
Potions
 a - 2 potions of magic
 c - 4 potions of enlightenment
 e - 3 potions of haste
 j - 2 potions of cancellation
 n - 2 potions of ambrosia
 t - 3 potions of berserk rage
 u - 2 potions of might
 A - 3 potions of attraction
 E - 2 potions of invisibility {unknown}
 F - 2 potions of brilliance
 I - a potion of heal wounds {unknown}


   Skills:
 + Level 3.4 Fighting
 + Level 4.2 Dodging
 + Level 5.7 Stealth
 + Level 6.5 Spellcasting
 - Level 1.0 Conjurations
 * Level 10.1 Air Magic
 + Level 3.6 Evocations


You had 12 spell levels left.
You knew the following spells:

 Your Spells              Type           Power      Damage    Failure   Level
a - Shock                 Conj/Air       100%       1d9       1%          1
b - Static Discharge      Conj/Air       80%        3-7/arc   1%          2
c - Swiftness             Air            60%        N/A       1%          3
d - Airstrike             Air            30%        2d(5-21)  1%          4

Your spell library contained the following spells:

 Spells                   Type           Power      Damage    Failure   Level
 Sting                    Conj/Alch      44%        1d5       1%          1
 Necrotise                Necr           36%        1d5       2%          1
 Ensorcelled Hibernation  Hex/Ice        18%        N/A       3%          2
 Fugue of the Fallen      Necr           9%         N/A       7%          3
 Vampiric Draining        Necr           9%         2d6       7%          3
 Anguish                  Hex/Necr       4%         N/A       22%         4
 Martyr's Knell           Necr/Summ      9%         N/A       22%         4
 Curse of Agony           Necr           9%         N/A       52%         5


Dungeon Overview and Level Annotations

Branches:
Dungeon (9/15)             Temple (0/1) D:7         Ossuary (visited)
   Lair: D:8-11         Orc: D:9-12

Altars:
Gozag
Vehumet

Shops:
D:1 *   D:8 *

Annotations:
D:4 3 runed translucent doors, dddddd's ghost, amateur FoFi


Innate Abilities, Weirdness & Mutations

You cannot wear most types of armour.
You are amphibious.
You can wear up to eight rings at the same time.
Your skin changes colour to match your surroundings (Stealth+).
Your rubbery body absorbs attacks. (AC +1, EV +1)
((You are camouflaged when in or above water. (Stealth+)))
You have tentacles for arms and can constrict up to eight enemies at once.


Message History

The killer bee stings you.
The killer bee stings you but does no damage.
The killer bee closely misses you.
Unknown command.
You puncture the killer bee! You drain the killer bee.
Your grab misses the killer bee.
The killer bee is almost dead.
You constrict the killer bee!
You feel very sick. The killer bee stings you.
You are more poisoned.
The killer bee poisons you! The killer bee stings you!
* * * LOW HITPOINT WARNING * * *
The killer bee closely misses you.
A howler monkey comes into view.
The killer bee completely misses you. The killer bee closely misses you. x2
You closely miss the killer bee. Your grab misses the killer bee.
You squeeze the killer bee.
You kill the killer bee!
Vehumet accepts your kill.
You constrict the killer bee.
You feel very sick. The killer bee closely misses you. x2
You puncture the killer bee!
You kill the killer bee!
Vehumet accepts your kill.
You feel very sick. The killer bee stings you.
* * * LOW HITPOINT WARNING * * *
You are more poisoned.
The killer bee poisons you! The killer bee stings you!
* * * LOW HITPOINT WARNING * * *
You puncture the howler monkey! You drain the howler monkey.
You grab the howler monkey. You squeeze the howler monkey.
You kill the howler monkey!
Vehumet accepts your kill.
* * * LOW HITPOINT WARNING * * *
You feel very sick. The killer bee misses you. The howler monkey hits you.
You die...

#.....#
#.....# #
.....# $.
#....# ...
#..(.# ..#
#....# ...#
#...h#....#
#...@†....#
#...y#....#
#....# ...#
#....# ..#
#....# .#
#....# #
#....#
#....#
#..<.#


You could see a howler monkey and a killer bee.

Vanquished Creatures
  Grinder (D:6)
  Eustachio (D:5)
  2 vampire mosquitoes (D:8)
  3 water moccasins
  3 ice beasts
  A sky beast (D:8)
  2 black bears
  An orc warrior (D:8)
  2 ogres
  A centaur (D:4)
  A kobold brigand (D:7)
  3 elf zombies (Ossuary)
  2 scorpions
  3 wights (D:8)
  5 killer bees (D:9)
  4 howler monkeys
  3 centaur zombies (Ossuary)
  A bombardier beetle (D:6)
  A hound (D:6)
  4 human zombies (Ossuary)
  5 iguanas
  An orc wizard (D:5)
  A bullfrog simulacrum (Ossuary)
  3 mummies (Ossuary)
  6 adders
  2 white imps
  A ribbon worm zombie (D:7)
  6 dart slugs
  22 orcs
  7 ball pythons
  4 bats
  5 endoplasms
  3 giant cockroaches
  8 goblins
  10 hobgoblins
  13 kobolds
  3 quokkas
  2 frilled lizards
  A jackal zombie (D:7)
  8 rats
  2 rat zombies (D:7)
157 creatures vanquished.

Notes
Turn   | Place    | Note
-------+----------+-------------------------------------------
     0 | D:1      | Ubbricas the Octopode Air Elementalist began the quest for
                  | the Orb.
     0 | D:1      | Reached XP level 1. HP: 11/11 MP: 3/3
    86 | D:1      | Found Welliw's General Store.
   149 | D:1      | Reached XP level 2. HP: 17/17 MP: 0/5
   765 | D:1      | Reached XP level 3. HP: 19/21 MP: 2/6
  1119 | D:1      | Reached skill level 4 in Air Magic
  1378 | D:2      | Learned a level 2 spell: Static Discharge
  1382 | D:2      | Learned a level 3 spell: Swiftness
  1572 | D:2      | Reached XP level 4. HP: 27/27 MP: 3/8
  2433 | D:3      | Found a faded altar of an unknown god.
  2957 | D:4      | Noticed a centaur
  3023 | D:4      | Found a runed translucent gate.
  3023 | D:4      | Found a runed translucent gate.
  3024 | D:4      | Found a runed translucent gate.
  3025 | D:4      | Noticed dddddd's ghost (amateur FoFi)
  3266 | D:4      | Reached XP level 5. HP: 24/31 MP: 0/9
  3376 | D:5      | Entered Level 5 of the Dungeon
  3383 | D:5      | Reached skill level 5 in Air Magic
  3504 | D:5      | Learned a level 4 spell: Airstrike
  3521 | D:5      | Noticed an ogre
  3523 | D:5      | Killed an ogre
  3524 | D:5      | Reached XP level 6. HP: 36/36 MP: 2/11
  3621 | D:5      | Identified the +6 rapier of Edillas {drain, *Rage Str+3
                  | Int+5}
  3705 | D:5      | Reached skill level 6 in Air Magic
  3857 | D:5      | Noticed a black bear
  3875 | D:5      | Killed a black bear
  3876 | D:5      | Reached XP level 7. HP: 37/41 MP: 1/13
  4011 | D:5      | Noticed Eustachio
  4014 | D:5      | Killed Eustachio
  4015 | D:5      | Reached skill level 7 in Air Magic
  4220 | D:4      | Found an opulent altar of Gozag.
  5232 | D:6      | Reached skill level 5 in Spellcasting
  5232 | D:6      | Reached XP level 8. HP: 31/46 MP: 5/15
  5247 | D:6      | Reached skill level 8 in Air Magic
  5690 | D:6      | Noticed Grinder
  5693 | D:6      | Paralysed by Grinder for 2 turns
  5695 | D:6      | Killed Grinder
  6247 | D:6      | Identified a scroll of acquirement
  6247 | D:6      | Acquired the -2 hat of the Alchemist {rElec rPois rF+ rC+
                  | rN+ Will+ rMut rCorr}
  6247 | D:6      | Found the -2 hat of the Alchemist {rElec rPois rF+ rC+ rN+
                  | Will+ rMut rCorr}
  6359 | D:7      | Found a sand-covered staircase.
  6367 | Ossuary  | Entered an ossuary
  6462 | Ossuary  | Reached skill level 1 in Fighting
  6462 | Ossuary  | Reached skill level 1 in Evocations
  6470 | Ossuary  | Reached skill level 9 in Air Magic
  6557 | Ossuary  | Reached XP level 9. HP: 53/53 MP: 5/17
  6842 | D:7      | Found a radiant altar of Vehumet.
  6851 | D:7      | Became a worshipper of Vehumet
  7424 | D:7      | Found a staircase to the Ecumenical Temple.
  8304 | D:8      | Found Tosussal's Assorted Antiques.
  8308 | D:8      | Reached skill level 5 in Stealth
  8384 | D:8      | Bought a fuming orange potion for 23 gold pieces
  8384 | D:8      | Bought a scroll of identify for 52 gold pieces
  8681 | D:8      | Reached * piety under Vehumet
  8681 | D:8      | Offered knowledge of Sting by Vehumet.
  8992 | D:8      | Reached skill level 10 in Air Magic
  9184 | D:9      | Reached XP level 10. HP: 49/63 MP: 19/19
  9188 | D:9      | HP: 3/94 [poisoned by a killer bee]
  9188 | D:9      | Slain by a howler monkey

Illustrated notes

Levels and vault maps discovered:
D:1:      lightli_arrival_isolated_outpost, layout_basic, serial_curves,
          eino_curves_04, eino_curves_02, serial_shops,
          nicolae_shop_just_a_little_nook
D:2:      layout_loops_ring
D:3:      layout_rooms, basic_ecumenical_altar, minmay_misc_feat_five,
          due_unseen_surprise
D:4:      layout_rooms, grunt_gozag_breadcrumbs, serial_forest,
          infiniplex_forest_lined_ring, infiniplex_forest_lined_corner,
          infiniplex_forest_straight_1, infiniplex_forest_lined_3_way,
          infiniplex_forest_lined_room_2, infiniplex_forest_corner_1,
          infiniplex_forest_split, gammafunk_ghost_split, minmay_manual_mess
D:5:      layout_cave_pools, grunt_decor_fettered, uniq_eustachio
D:6:      layout_basic, uniq_grinder
D:7:      layout_loops_ring, mainiacjoe_overflow_cross_hatched,
          minmay_temple_entry_butterflies, enter_ossuary_3
D:8:      layout_basic, serial_shops, nicolae_shop_crystal
D:9:      layout_irregular_city, lemuel_round_altar, hiddenorc1_lemuel,
          dk_vineyard_3

Skill      XL: |  1  2  3  4  5  6  7  8  9 |
---------------+----------------------------+-----
Air Magic      | 4 5 6 7 9 10 | 10.1
Spellcasting   | 3 4 5 6 |  6.5
Stealth        | 3 5 |  5.7
Fighting       | 1 3 |  3.4
Evocations     | 1 3 |  3.6
Dodging        | 4 |  4.2
Conjurations   | |  1.0

Action                     |  1- 3 |  4- 6 |  7- 9 | 10-12 || total
---------------------------+-------+-------+-------+-------++-------
  Melee: Whip              |     7 |     3 |       |       ||    10
         Constrict         |     1 |       |    18 |     2 ||    21
         Rapier            |       |     1 |    75 |     5 ||    81
         Tentacles         |       |       |    13 |     2 ||    15
   Cast: Shock             |    68 |    92 |    44 |       ||   204
         Static Discharge  |     1 |     3 |     8 |       ||    12
         Airstrike         |       |     3 |    72 |       ||    75
    Use: Scroll            |       |     2 |    17 |       ||    19
         Potion            |       |       |     1 |       ||     1
 Armour: Skin              |     5 |    13 |    56 |     7 ||    81
  Dodge: Dodged            |     7 |     4 |    55 |     8 ||    74

Table legend: (Time is in decaauts)
 A = Elapsed time spent in this place.
 B = Non-inter-level travel time spent in this place.
 C = Inter-level travel time spent in this place.
 D = Time resting spent in this place.
 E = Time spent auto-exploring this place.
 F = Levels seen in this place.
 G = Mean time per level.
                   A        B        C        D        E       F      G
               +--------+--------+--------+--------+--------+-----+--------+
         Total |   9226 |   8913 |    313 |    516 |   7486 |  10 |  922.6 |
       Dungeon |   8764 |   8451 |    313 |    452 |   7198 |   9 |  973.8 |
       Ossuary |    461 |    461 |      0 |     63 |    288 |   1 |  461.0 |
               +--------+--------+--------+--------+--------+-----+--------+

Top non-repeatable levels by time:
     D:8: 1309 daAuts
     D:6: 1307 daAuts
     D:1: 1233 daAuts
     D:4: 1103 daAuts
     D:7: 1070 daAuts
     D:2: 1030 daAuts
     D:5: 933 daAuts
     D:3: 759 daAuts
 Ossuary: 461 daAuts
     D:9: 17 daAuts
